 Dungeon Crawl Stone Soup version 0.29.0-4-gdea44cf6ec (webtiles) character file.

Game seed: 17380858174757773337

112 qw the Chopper (level 4, 0/26 HPs)
             Began as a Tengu Warper on Aug 28, 2022.
             Slain by an orc wizard
             ... wielding a +2 dagger of speed
              (1 damage)
             ... on level 3 of the Dungeon.
             The game lasted 00:00:17 (3473 turns).

qw the Chopper (Tengu Warper)                       Turns: 3473, Time: 00:00:17

Health: 0/26       AC:  9    Str: 10 (13) XL:     4   Next: 95%
Magic:  8/8        EV:  4    Int: 12 (13) God:
Gold:   118        SH:  0    Dex: 11 (14) Spells: 7/7 levels left

rFire   . . .      SeeInvis .   Y - +0 hand axe
rCold   . . .      Faith    .   (no shield)
rNeg    . . .      Spirit   .   i - +0 chain mail
rPois   .          Reflect  .   (helmet restricted)
rElec   .          Harm     .   f - +0 cloak
rCorr   .          Rampage  .   (no gloves)
Will    .....                   (boots unavailable)
Stlth   ..........              (no amulet)
HPRegen 0.08/turn               (no ring)
MPRegen 0.11/turn               (no ring)

@: no status effects
A: beak, talons 3
a: no special abilities


You were on level 3 of the Dungeon.
You visited 1 branch of the dungeon, and saw 3 of its levels.

You collected 118 gold pieces.


Innate Abilities, Weirdness & Mutations

You have a beak for a mouth.
You have claws for feet.


   Skills:
 - Level 2.0 Fighting
 - Level 5.2 Axes
 - Level 1.0 Throwing
 + Level 1.7 Armour
 - Level 2.1 Dodging
 - Level 2.0 Spellcasting
 - Level 2.4 Translocations


You had 7 spell levels left.
You didn't know any spells.
Your spell library contained the following spells:

 Spells                   Type           Power      Damage    Failure   Level
 Blink                    Tloc           12%        N/A       100%        2
 Gell's Gravitas          Tloc           6%         N/A       100%        3
 Lesser Beckoning         Tloc           6%         N/A       100%        3
 Teleport Other           Tloc           6%         N/A       100%        3
 Manifold Assault         Tloc           6%         N/A       100%        5

Inventory:

Hand Weapons
 l - a +0 mace
 Y - a +0 hand axe (weapon)
Armour
 f - a +0 cloak (worn)
 i - a +0 chain mail (worn)
Jewellery
 a - a +4 ring of protection
Scrolls
 b - a scroll of vulnerability {unknown}
 e - a scroll of identify
Potions
 j - a potion of mutation {unknown}

Dungeon Overview and Level Annotations

Branches:
Dungeon (3/15)

Altars:
Dithmenos

Annotations:
D:3 1 runed translucent door, Crazy Yiuf


Message History

The orc priest completely misses you.
The orc wizard hits you with a +2 dagger of speed.
You hit the orc priest but do no damage.
You claw the orc priest, but do no damage.
The orc priest is lightly wounded.
You hit the orc wizard.
The orc wizard hits you but does no damage.
The orc priest hits you but does no damage.
The orc wizard barely misses you.
You hit the orc priest.
The orc priest is moderately wounded.
You barely miss the orc wizard. The orc priest hits you with a +0 mace.
The orc wizard casts a spell at you. You resist with some effort.
You closely miss the orc priest.
You punch the orc priest, but do no damage.
The orc priest is moderately wounded.
You barely miss the orc wizard. The orc priest hits you with a +0 mace.
The orc wizard hits you but does no damage.
The orc wizard gestures wildly while chanting.
The orc wizard flickers and vanishes!
Deactivating autopickup; reactivate with Ctrl-A.
You completely miss the orc priest. Your kick misses the orc priest.
The orc priest is moderately wounded.
You miss something.
The orc priest hits you but does no damage.
Something hits you but does no damage.
You closely miss the orc priest. Your kick misses the orc priest.
The orc priest is moderately wounded.
You hit something.
The orc priest hits you but does no damage.
Something hits you but does no damage.
You hit the orc priest but do no damage.
You claw the orc priest. You punch the orc priest.
The orc priest is severely wounded.
You barely miss something. The orc priest hits you with a +0 mace.
Something hits you.
You die...

#.# #P.##P#
######.######.###
#........##P...P##
#.......##..~~P..#
#.......#P..P~~..P#
######.###P.[...P##
#.# ###7_7### #.#
### #@# #.o{#
#...... #..#.....
#.. #...... #.
#....... .
#........
##########


You could see an orc priest.

Vanquished Creatures
  4 adders
  A worm (D:2)
  3 dart slugs (D:1)
  2 orcs (D:3)
  7 endoplasms
  3 giant cockroaches
  4 goblins
  7 hobgoblins
  4 jackals (D:1)
  6 quokkas
  3 ball pythons (D:1)
  4 bats
  5 frilled lizards
  7 rats
60 creatures vanquished.

Vanquished Creatures (others)
  41 plants (D:2)
41 creatures vanquished.

Grand Total: 101 creatures vanquished

Notes
Turn   | Place    | Note
-------+----------+-------------------------------------------
     0 | D:1      | qw the Tengu Warper began the quest for the Orb.
     0 | D:1      | Reached XP level 1. HP: 12/12 MP: 4/4
     0 | D:1      | 0 ||| qw: Version: 0.1-a-89-g26bdef1
     0 | D:1      | 0 ||| qw: Game counter: 2132
     0 | D:1      | 0 ||| qw: Always use a shield: true
     0 | D:1      | 0 ||| qw: God list: Okawaru
     0 | D:1      | 0 ||| qw: Allow faded altars: false
     0 | D:1      | 0 ||| qw: Do Orc after D:15 true
     0 | D:1      | 0 ||| qw: Do second Lair branch before Depths: true
     0 | D:1      | 0 ||| qw: Lair rune preference: random
     0 | D:1      | 0 ||| qw: Plans: Normal
     0 | D:1      | 0 ||| PLANNING D:1-11
    51 | D:1      | Reached XP level 2. HP: 8/17 MP: 6/6
    53 | D:1      | Reached skill level 3 in Axes
    60 | D:1      | 60 ||| Stepping ~*~*~tactically~*~*~ (stealth).
   220 | D:1      | 220 ||| Stepping ~*~*~tactically~*~*~ (stealth).
   428 | D:1      | 428 ||| Stepping ~*~*~tactically~*~*~ (hiding).
   747 | D:1      | Reached XP level 3. HP: 21/21 MP: 7/7
   808 | D:1      | 808 ||| Stepping ~*~*~tactically~*~*~ (stealth).
   867 | D:1      | Reached skill level 4 in Axes
  1259 | D:1      | 1259 ||| UPGRADING to +0 cloak.
  1264 | D:1      | 1264 ||| DROPPING amulet of magic regeneration.
  1265 | D:1      | 1265 ||| READING scroll labelled CETYUGGEUS.
  1266 | D:1      | 1266 ||| READING scroll labelled RIMUNURE LIBOXALI.
  1267 | D:1      | 1267 ||| DRINKING 2 amethyst potions.
  1268 | D:1      | 1268 ||| DROPPING scroll of blinking.
  1269 | D:1      | 1269 ||| DROPPING potion of attraction.
  1401 | D:2      | 1401 ||| Stepping ~*~*~tactically~*~*~ (stealth).
  1403 | D:2      | 1403 ||| Stepping ~*~*~tactically~*~*~ (stealth).
  1407 | D:2      | 1407 ||| Stepping ~*~*~tactically~*~*~ (stealth).
  1502 | D:2      | 1502 ||| Stepping ~*~*~tactically~*~*~ (stealth).
  1508 | D:2      | 1508 ||| Stepping ~*~*~tactically~*~*~ (stealth).
  1614 | D:2      | 1614 ||| Stepping ~*~*~tactically~*~*~ (stealth).
  1622 | D:2      | HP: 5/21 [quokka (4)]
  1845 | D:2      | Found a shadowy altar of Dithmenos.
  1854 | D:2      | Reached XP level 4. HP: 26/26 MP: 8/8
  1878 | D:2      | 1878 ||| Stepping ~*~*~tactically~*~*~ (stealth).
  2023 | D:2      | Reached skill level 5 in Axes
  2424 | D:2      | 2424 ||| DROPPING +0 club.
  2958 | D:2      | 2958 ||| UPGRADING to +0 ring mail.
  2968 | D:2      | 2968 ||| DROPPING +0 leather armour.
  2969 | D:2      | 2969 ||| UPGRADING to +0 chain mail.
  2979 | D:2      | 2979 ||| DROPPING +0 ring mail.
  2980 | D:2      | 2980 ||| READING scroll labelled LIKHLE ACLI.
  2983 | D:2      | 2983 ||| READING scroll labelled MEIRCH BAEXKO.
  2984 | D:2      | 2984 ||| DRINKING 2 clear potions.
  2985 | D:2      | 2985 ||| READING 2 scrolls of identify.
  2985 | D:2      | 2985 ||| IDENTIFYING white potion
  2986 | D:2      | 2986 ||| DROPPING potion of degeneration.
  2987 | D:2      | 2987 ||| DROPPING potion of flight.
  2988 | D:2      | 2988 ||| Stepping randomly (stuck).
  2989 | D:2      | 2989 ||| Stepping ~*~*~tactically~*~*~ (cloud).
  2995 | D:2      | HP: 6/26 [poisoned by you (poison gas)]
  3337 | D:3      | Found a faded altar of an unknown god.
  3382 | D:3      | 3382 ||| Stepping ~*~*~tactically~*~*~ (stealth).
  3386 | D:3      | 3386 ||| Stepping ~*~*~tactically~*~*~ (stealth).
  3428 | D:3      | Found a runed translucent door.
  3429 | D:3      | Noticed Crazy Yiuf
  3466 | D:3      | HP: 6/26 [orc priest/divine providence (9)]
  3470 | D:3      | HP: 2/26 [orc priest/+0 mace (2)]
  3473 | D:3      | Slain by an orc wizard

Levels and vault maps discovered:
D:1:      dpeg_arrival_fog, layout_basic
D:2:      wad_woods_stonehenge, layout_basic, minivault_27, grunt_ministairs_2
D:3:      layout_basic, kennysheep_slug_shrine,
          dreamdust_ecumenical_altar_hidden_monk_grotto, uniq_crazy_yiuf_cottage

Skill      XL: |  1  2  3  4 |
---------------+-------------+-----
Axes           | 3 4 5 |  5.2
Fighting       | |  2.0
Throwing       | |  1.0
Armour         | |  1.7
Dodging        | |  2.1
Spellcasting   | |  2.0
Translocations | |  2.4

Action                   |  1- 3 |  4- 6 || total
-------------------------+-------+-------++-------
Melee: Hand axe          |   104 |    74 ||   178
       Kick              |    30 |    13 ||    43
       Peck              |    15 |    13 ||    28
       Punch             |     1 |     2 ||     3
Throw: Boomerang         |     7 |       ||     7
  Use: Scroll            |     2 |     3 ||     5
       Potion            |     1 |     1 ||     2
Armor: Leather armour    |    34 |     7 ||    41
       Chain mail        |       |    21 ||    21
Dodge: Dodged            |    50 |    29 ||    79

Table legend:
 A = Non-vault XP
 B = Vault XP
 C = Vault XP percentage of total XP
 D = Non-vault monster count
 E = Vault monster count
 F = Vault count percentage of total count
                 A         B        C        D         E       F
            +---------+---------+-------+---------+---------+-------
      Total |     123 |      38 |  23.6 |      52 |       8 |  13.3
            +---------+---------+-------+---------+---------+-------
        D:1 |      54 |       0 |   0.0 |      27 |       0 |   0.0
        D:2 |      48 |      38 |  44.2 |      21 |       8 |  27.6
        D:3 |      21 |       0 |   0.0 |       4 |       0 |   0.0
            +---------+---------+-------+---------+---------+-------
